 Dungeon Crawl Stone Soup version 0.31.0-32-g396128a36d (webtiles) character file.

Game seed: 13256732692909171843

413 PaiMei the Purveyor of Pain (level 6, 0/47 HPs)
             Began as a Demonspawn Necromancer on Mar 28, 2024.
             Was an Initiate of Kikubaaqudgha.
             Slain by an ogre
             ... wielding a +0 giant club
              (12 damage)
             ... on level 5 of the Dungeon.
             The game lasted 00:05:35 (4918 turns).

PaiMei the Purveyor of Pain (DsNe)                  Turns: 4918, Time: 00:05:36

Health: 0/47       AC:  6    Str:  9    XL:     6   Next: 59%
Magic:  0/11       EV: 18    Int: 23    God:    Kikubaaqudgha [......]
Gold:   272        SH:  0    Dex: 13    Spells: 4/12 levels left

rFire   . . .        D - +2 short sword (venom)
rCold   . . .        (no shield)
rNeg    . . .        a - +0 robe
rPois   .            e - +0 helmet
rElec   .            (no cloak)
rCorr   .            n - +0 pair of gloves
SInv    .            (no boots)
Will    +....        (no amulet)
Stlth   ++           f - +6 ring of intelligence
HPRegen 0.27/turn    z - ring of willpower
MPRegen 0.12/turn

%: no passive effects
@: agile
A: hooves 1, thin metallic scales 1, powered by pain 2
a: Renounce Religion


You were on level 5 of the Dungeon.
You worshipped Kikubaaqudgha.
Kikubaaqudgha was noncommittal.
You visited 2 branches of the dungeon, and saw 6 of its levels.

You collected 272 gold pieces.

Inventory:

Hand Weapons
 u - a +0 mace of venom
 D - a +2 short sword of venom (weapon)
Missiles
 E - 4 poisoned darts
Armour
 a - a +0 robe (worn)
 e - a +0 helmet (worn)
 j - a +0 kite shield
 n - a +0 pair of gloves (worn)
Magical Staves
 i - a staff of death
Jewellery
 f - a +6 ring of intelligence (left hand)
 z - a ring of willpower (right hand)
 C - a ring of positive energy
Wands
 r - a wand of iceblast (8)
Scrolls
 d - 2 scrolls of noise {unknown}
 g - 6 scrolls of immolation {unknown}
 h - a scroll of enchant weapon {unknown}
 k - a scroll of revelation {unknown}
 o - 2 scrolls of fear {unknown}
 p - 3 scrolls of identify {unknown}
 q - a scroll of vulnerability {unknown}
 s - a scroll of amnesia {unknown}
 t - a scroll of butterflies {unknown}
 v - a scroll of poison {unknown}
 x - a scroll of enchant armour {unknown}
 y - a scroll of teleportation {unknown}
 B - a scroll of torment {unknown}
Potions
 b - a potion of magic
 c - 3 potions of curing {unknown}
 l - a potion of lignification {unknown}
 m - 2 potions of brilliance {unknown}
 w - a potion of cancellation {unknown}
 A - a potion of might {unknown}
 F - a potion of degeneration {unknown}


   Skills:
 + Level 3.0 Fighting
 + Level 3.4 Dodging
 - Level 2.0 Stealth
 + Level 3.6 Spellcasting
 + Level 5.8 Necromancy


You had 4 spell levels left.
You knew the following spells:

 Your Spells              Type           Power      Damage    Failure   Level
a - Necrotise             Necr           100%       1d9       1%          1
b - Vampiric Draining     Necr           31%        2d8       3%          3
c - Animate Dead          Necr           31%        N/A       10%         4

Your spell library contained the following spells:

 Spells                   Type           Power      Damage    Failure   Level
 Sublimation of Blood     Necr           31%        N/A       1%          2
 Magic Dart               Conj           16%        1d3       11%         1
 Blink                    Tloc           8%         N/A       17%         2
 Call Imp                 Summ           8%         N/A       17%         2
 Scorch                   Fire           8%         2d5       17%         2
 Flame Wave               Conj/Fire      4%         2d5       73%         4
 Curse of Agony           Necr           31%        N/A       28%         5
 Summon Cactus Giant      Summ           2%         N/A       100%        6
 Summon Hydra             Summ           2%         N/A       100%        7


Dungeon Overview and Level Annotations

Branches:
Dungeon (5/15)             Temple (1/1) D:5

Altars:
Ashenzari
Dithmenos
Fedhas
Gozag
Hepliaklqana
Kikubaaqudgha
Makhleb
Nemelex Xobeh
Okawaru
Qazlal
Sif Muna
Trog
Vehumet
Wu Jian
Yredelemnul


Innate Abilities, Weirdness & Mutations

You have large cloven feet.
You are partially covered in thin metallic scales. (AC +2)
You sometimes gain power by taking damage.


Message History

Press: ? - help, Shift-Dir - straight line, f/p - ogre
Aim: an ogre, wielding a +0 giant club (heavily wounded, chance to affect: 83%)
You feel a surge of power!
The iguana writhes in agony!
The iguana bites you!
* * * LOW HITPOINT WARNING * * *
Your magical contamination has completely faded away.
You hit the iguana but do no damage. You kick the iguana, but do no damage.
The iguana is severely wounded.
The iguana bites you.
* * * LOW HITPOINT WARNING * * *
Your +2 short sword of venom begins to drip with poison!
D - a +2 short sword of venom (weapon)
You closely miss the iguana. You kick the iguana, but do no damage.
The iguana is severely wounded.
The iguana barely misses you.
You hit the iguana.
The iguana is poisoned.
You kick the iguana, but do no damage.
The iguana is severely wounded.
The iguana barely misses you.
You hit the iguana but do no damage.
The iguana is severely wounded.
The iguana bites you but does no damage.
You barely miss the iguana.
The iguana is severely wounded.
The iguana barely misses you.
You closely miss the iguana. You kick the iguana, but do no damage.
The iguana is almost dead.
You kill the iguana!
Kikubaaqudgha accepts your kill.
Your Fighting skill increases to level 3!
Casting: Necrotise (safe; 1% risk of failure)
Confirm with . or Enter, or press ? or * to list all spells.
Aiming: Necrotise (safe; 1% risk of failure)
Press: ? - help, Shift-Dir - straight line, f/p - ogre
Aim: an ogre, wielding a +0 giant club (heavily wounded, chance to affect: 83%)
The ogre writhes in agony.
The ogre misses you.
You hit the ogre.
The ogre is poisoned.
The ogre is severely wounded.
The ogre hits you with a +0 giant club!
You die...
Kikubaaqudgha rasps: "You have failed me!
Welcome... death!"

......#
#..#...#.#.#.....
......#
#.##.........#...
......# #.
##...#.#.## ..
......# #.
#.#.....# .
####### ..
##.##.#.#...
#...#.....#.#
#...##.#### # #
#...##.#
###.###...O@.#
..........####
..........#
..........#
.......####
....... .......
....... .......


You could see an ogre (very poisoned).

Vanquished Creatures
  A scorpion (D:4)
  A jelly (D:4)
  A bombardier beetle (D:5)
  4 iguanas
  An orc wizard (D:4)
  6 adders
  A shadow imp (D:5)
  3 dart slugs
  7 orcs
  6 bats
  2 endoplasms (D:2)
  2 giant cockroaches
  5 goblins
  10 hobgoblins
  9 jackals
  4 kobolds
  2 quokkas
  12 ball pythons
  3 frilled lizards
  3 rats
83 creatures vanquished.

Vanquished Creatures (collateral kills)
  A ribbon worm (D:3)
  A bat (D:1)
  A goblin (D:1)
  2 jackals (D:1)
  A ball python (D:1)
  A rat (D:1)
7 creatures vanquished.

Grand Total: 90 creatures vanquished

Notes
Turn   | Place    | Note
-------+----------+-------------------------------------------
     0 | D:1      | PaiMei the Demonspawn Necromancer began the quest for the
                  | Orb.
     0 | D:1      | Reached XP level 1. HP: 13/13 MP: 3/3
   201 | D:1      | Gained mutation: You are partially covered in thin metallic
                  | scales. (AC +2) [demonic ancestry]
   201 | D:1      | Reached XP level 2. HP: 19/19 MP: 0/5
   804 | D:1      | Reached XP level 3. HP: 25/25 MP: 2/6
   808 | D:1      | Learned a level 3 spell: Vampiric Draining
  1106 | D:2      | Reached skill level 1 in Fighting
  1973 | D:2      | Found a faded altar of an unknown god.
  1977 | D:2      | Gained mutation: You have large cloven feet. [demonic
                  | ancestry]
  1977 | D:2      | Reached XP level 4. HP: 32/32 MP: 5/7
  2372 | D:3      | Reached skill level 5 in Necromancy
  3012 | D:4      | Gained mutation: You sometimes gain a little power by
                  | taking damage. [demonic ancestry]
  3012 | D:4      | Reached XP level 5. HP: 34/38 MP: 2/9
  3289 | D:4      | Found a hazy altar of Hepliaklqana.
  3500 | D:4      | Noticed a phantom
  4003 | D:4      | Gained mutation: You sometimes gain power by taking damage.
                  | [demonic ancestry]
  4003 | D:4      | Reached XP level 6. HP: 34/46 MP: 6/11
  4208 | D:4      | Learned a level 4 spell: Animate Dead
  4224 | D:5      | Entered Level 5 of the Dungeon
  4241 | D:5      | Found a staircase to the Ecumenical Temple.
  4832 | Temple   | Entered the Ecumenical Temple
  4850 | Temple   | Became a worshipper of Kikubaaqudgha
  4918 | D:5      | Slain by an ogre

Illustrated notes

Levels and vault maps discovered:
D:1:      mainiacjoe_arrival_oval_in_oval, layout_loops_ring
D:2:      layout_basic, basic_ecumenical_altar
D:3:      layout_loops_ring, minivault_11
D:4:      layout_loops_ring, mainiacjoe_overflow_surrounded_room, minivault_5
D:5:      layout_rooms, minmay_temple_entry_sparse_star, grunt_decor_clamped
Temple:   nicolae_temple_superstar

Skill      XL: |  1  2  3  4  5  6 |
---------------+-------------------+-----
Stealth        | 2 |  2.0
Dodging        | 2 3 |  3.4
Fighting       | 1 2 3 |  3.0
Necromancy     | 5 |  5.8
Spellcasting   | 3 |  3.6

Action                     |  1- 3 |  4- 6 || total
---------------------------+-------+-------++-------
  Melee: Unarmed           |    21 |       ||    21
         Staff             |     2 |    33 ||    35
         Kick              |       |    11 ||    11
         Short sword       |       |     6 ||     6
         Punch             |       |     1 ||     1
   Cast: Necrotise         |    74 |    94 ||   168
         Vampiric Draining |       |     3 ||     3
 Armour: Robe              |    31 |    56 ||    87
  Dodge: Dodged            |    43 |    40 ||    83
